[Event "Team 45 45 League T40"]
[Site "Internet Chess Club"]
[Date "2009.02.22"]
[Round "4"]
[White "Invicta-Knight"]
[Black "sdcohle"]
[Result "1-0"]
[WhiteElo "1578"]
[BlackElo "1279"]
[Opening "Sicilian: Grand Prix attack"]
[ECO "B23"]
[Time "10:04:44"]
[TimeControl "2700+45"]

1. e4 c5 2. Nc3 Nc6 3. f4 d6 4. Nf3 g6 5. Bc4 Bg7 6. O-O Nf6 7. d3 O-O 8. Qe1
Na5 9. Bd2 Nxc4 10. dxc4 b6 11. Rd1 Bb7 12. Nd5 Nxd5 13. cxd5 Bxb2 14. c3 Ba3
15. Qe2 a6 16. Rb1 c4 17. Qxc4 Bc5+ 18. Kh1 b5 19. Qe2 Bc8 20. c4 Bd7 21. Rfc1
bxc4 22. Qxc4 Bb5 23. Qc3 Qd7 24. Ng5 Rfc8 25. Qg3 f6 26. Ne6 Bb6 27. f5 Kf7 28.
Bh6 Rxc1+ 29. Rxc1 Rc8 30. fxg6+ hxg6 31. Qh4 Rxc1+ 32. Bxc1 f5 33. Qh7+ Kf6 34.
Qh8+ Kf7 35. Qg7+ Ke8 36. Qf8# {Black checkmated} 1-0

[Event "Team 45 45 League T40"]
[Site "Internet Chess Club"]
[Date "2009.02.21"]
[Round "4"]
[White "Toalla"]
[Black "EyeAm"]
[Result "0-1"]
[WhiteElo "1281"]
[BlackElo "1478"]
[Opening "Petrov's defense"]
[ECO "C42"]
[Time "15:07:05"]
[TimeControl "2700+45"]

1. e4 e5 2. Nf3 Nf6 3. d3 Nc6 4. Nbd2 Be7 5. Be2 O-O 6. O-O d5 7. Re1 a5 8. c3
a4 9. Qc2 h6 10. b4 axb3 11. Nxb3 Be6 12. a3 Qd7 13. Bb2 dxe4 14. dxe4 Bxb3 15.
Qxb3 Nxe4 16. Red1 Bd6 17. Bb5 Nc5 18. Qd5 Ra5 19. Qxc5 Bxc5 20. Rxd7 Rxb5 21.
Rb1 Bd6 22. Nd2 Nb8 23. Rxd6 cxd6 24. a4 Ra5 25. Ra1 b5 26. axb5 Rxb5 27. Rb1 d5
28. Ba3 Rxb1+ 29. Nxb1 Rc8 30. f3 Nc6 31. Kf2 f5 32. Ke3 Kf7 33. f4 e4 34. h3
Kg6 35. Bc5 Kh5 36. Nd2 Kh4 37. Nf1 g5 38. Bd6 Na5 39. Be5 Nc4+ 40. Kd4 Nxe5 41.
fxe5 f4 42. e6 e3 43. Kd3 Re8 44. g3+ Kxh3 {White resigns} 0-1

[Event "Team 45 45 League T40"]
[Site "Internet Chess Club"]
[Date "2009.02.21"]
[Round "4"]
[White "mongmong"]
[Black "basserben"]
[Result "1/2-1/2"]
[WhiteElo "1691"]
[BlackElo "1685"]
[Opening "Queen's pawn game"]
[ECO "D04"]
[Time "15:00:46"]
[TimeControl "2700+45"]

1. d4 Nf6 2. Nf3 d5 3. e3 Nc6 4. c3 g6 5. Bd3 Bg7 6. O-O O-O 7. Nbd2 Re8 8. Qc2
e5 9. dxe5 Nxe5 10. Nxe5 Rxe5 11. Nf3 Re8 12. Bd2 b6 13. Rad1 Ne4 14. Bc1 Qe7
15. Nd2 Bb7 16. Nxe4 dxe4 17. Be2 Rad8 18. Rxd8 Rxd8 19. Rd1 Bc8 20. Rd2 Rxd2
21. Qxd2 Kf8 22. c4 Qd7 23. Qxd7 Bxd7 24. b3 c5 25. Kf1 Ke7 26. Ke1 h5 27. h4
Ke6 28. Kd2 Bf6 29. g3 Ba1 30. Kc2 Ke5 31. Bb2+ Bxb2 32. Kxb2 Bh3 33. Kc3 Kf5
34. a3 Bg4 35. Bf1 f6 36. b4 g5 37. a4 a5 38. bxa5 bxa5 39. Kd2 Bf3 40. Bh3+ Bg4
41. Bg2 Ke5 42. Bf1 Bd7 43. Be2 Bg4 44. Bxg4 hxg4 45. hxg5 fxg5 {Game drawn by
mutual agreement} 1/2-1/2

[Event "Team 45 45 League T40"]
[Site "Internet Chess Club"]
[Date "2009.02.23"]
[Round "4"]
[White "islanderpfeifer"]
[Black "Andressa"]
[Result "0-1"]
[WhiteElo "1520"]
[BlackElo "1537"]
[Opening "Queen's pawn game"]
[ECO "D04"]
[Time "19:08:48"]
[TimeControl "2700+45"]

1. d4 d5 2. Nf3 Nf6 3. e3 Nc6 4. Bd3 e6 5. O-O Be7 6. Nbd2 O-O 7. Re1 Nb4 8. Be2
c5 9. c3 Nc6 10. Bd3 c4 11. Bc2 b5 12. a4 b4 13. Qe2 b3 14. Bb1 Bb7 15. e4 h6
16. exd5 exd5 17. Ne5 Re8 18. Ndf3 Bd6 19. Qf1 Qc7 20. Bf4 Nd7 21. Bg3 Ncxe5 22.
Nxe5 Nxe5 23. dxe5 Bxe5 24. f4 Bf6 25. Bf5 d4 26. cxd4 Bxd4+ 27. Kh1 Bxb2 28.
Rab1 c3 29. Bd3 c2 30. Rxb2 Rxe1 31. Qxe1 Qc6 32. Bf1 c1=Q 33. Qf2 Qxg2+ 34.
Qxg2 Qxf1# {White checkmated} 0-1

[Event "Team 45 45 League T40"]
[Site "Internet Chess Club"]
[Date "2009.02.20"]
[Round "4"]
[White "Folgers"]
[Black "Campagnolo"]
[Result "1-0"]
[WhiteElo "2075"]
[BlackElo "2067"]
[Opening "Trompowsky attack (Ruth, Opocenský opening)"]
[ECO "A45"]
[Time "21:00:06"]
[TimeControl "2700+45"]

1. d4 Nf6 2. Bg5 Ne4 3. Bf4 c5 4. f3 Qa5+ 5. c3 Nf6 6. d5 d6 7. e4 b5 8. Nd2 g6
9. a4 bxa4 10. Rxa4 Qc7 11. Bb5+ Bd7 12. Qb3 Bg7 13. Ne2 O-O 14. O-O Qb6 15.
Bxd7 Qxb3 16. Nxb3 Nbxd7 17. Na5 Nb6 18. Ra2 Rfb8 19. Rfa1 Nc8 20. Nc1 Nd7 21.
Ncb3 Ne5 22. Bxe5 Bxe5 23. Nd2 Bf6 24. Ndc4 Nb6 25. f4 Nxc4 26. Nxc4 Rb7 27. Kf1
Kf8 28. Ke2 Ke8 29. Kd3 Kd7 30. Kc2 e6 31. Na5 Rb6 32. Nc4 Rb7 33. Ra6 Ke7 34.
Nxd6 Rd7 35. e5 Bg7 36. dxe6 fxe6 37. Kd3 g5 38. g3 gxf4 39. gxf4 Bh6 40. Ke4
Bg7 41. Rxa7 {Black resigns} 1-0

[Event "Team 45 45 League T40"]
[Site "Internet Chess Club"]
[Date "2009.02.26"]
[Round "4"]
[White "nosalt"]
[Black "BigTweeds"]
[Result "0-1"]
[WhiteElo "2016"]
[BlackElo "2004"]
[Opening "Ruy Lopez: 5.O-O"]
[ECO "C78"]
[Time "14:35:07"]
[TimeControl "2700+45"]

1. e4 e5 2. Nf3 Nc6 3. Bb5 a6 4. Ba4 Nf6 5. O-O b5 6. Bb3 Bc5 7. Qe2 O-O 8. c3
d6 9. d3 h6 10. Be3 Qe7 11. Bxc5 dxc5 12. Bd5 Bb7 13. Nbd2 Rfe8 14. Rfe1 Rad8
15. Bb3 Qd6 16. Bc2 Nh5 17. Nb3 Nf4 18. Qe3 Ne6 19. Rad1 a5 20. Nh4 a4 21. Nf5
Qf8 22. Nd2 Kh7 23. Qg3 Nf4 24. Nf3 g6 25. Ne3 Qe7 26. d4 Nh5 27. Qh3 cxd4 28.
Nd5 Qd6 29. Qh4 Kg7 30. g4 Nf6 31. g5 hxg5 32. Qxg5 Nxd5 33. exd5 Qxd5 34. Nh4
e4 35. Qxd5 Rxd5 36. Rxe4 Rxe4 37. Bxe4 Rg5+ 38. Ng2 dxc3 39. bxc3 Na5 40. Bxb7
Nxb7 41. Kf1 Rc5 42. Rd3 Nd6 43. f3 Rh5 44. Kg1 Rc5 45. Ne3 Nc4 46. Nc2 Nb2 47.
Re3 Nd1 48. Rd3 Rxc3 49. Rxc3 Nxc3 50. a3 c5 51. Kf2 Nd5 52. Ke2 Kf6 53. Kd3 Ke5
54. Ne1 Kf4 55. Ke2 Ke5 56. Kd3 b4 57. axb4 cxb4 58. Kc4 b3 59. Nd3+ Kd6 60. h3
Nf4 61. Nc5 b2 62. Ne4+ Ke5 63. Nd2 a3 64. Kb3 Nd3 65. Kxa3 Kd4 66. Ka2 Ke3 67.
Ne4 f5 68. Ng5 Kd2 69. Kb1 Kc3 70. Ne6 Ne5 71. Nc5 Nc4 72. Na4+ Kb3 73. Nxb2
Nxb2 74. Kc1 Kc3 75. h4 Nc4 76. Kd1 Kd3 77. Ke1 Ke3 78. Kf1 Kxf3 {White resigns}
0-1

[Event "Team 45 45 League T40"]
[Site "Internet Chess Club"]
[Date "2009.02.23"]
[Round "4"]
[White "MeanMrMustard"]
[Black "dnmuscg"]
[Result "0-1"]
[WhiteElo "1923"]
[BlackElo "1972"]
[Opening "Ruy Lopez: Wormald (Alapin) attack"]
[ECO "C77"]
[Time "20:00:48"]
[TimeControl "2700+45"]

1. e4 e5 2. Nf3 Nc6 3. Bb5 a6 4. Ba4 Nf6 5. Qe2 b5 6. Bb3 Be7 7. c3 d6 8. h3 O-O
9. d3 Be6 10. Bc2 d5 11. exd5 Bxd5 12. Be3 e4 13. dxe4 Nxe4 14. O-O Bc4 15. Qe1
Nf6 16. Nbd2 Bxf1 17. Qxf1 Qd5 18. Bb3 Qd7 19. Rd1 Bd6 20. Bg5 Rae8 21. Bxf6
gxf6 22. Qd3 Bh2+ {White resigns} 0-1

[Event "Team 45 45 League T40"]
[Site "Internet Chess Club"]
[Date "2009.02.22"]
[Round "4"]
[White "ivanson"]
[Black "jcdios"]
[Result "0-1"]
[WhiteElo "1816"]
[BlackElo "1939"]
[Opening "Caro-Kann: classical, Spassky variation"]
[ECO "B19"]
[Time "18:00:15"]
[TimeControl "2700+45"]

1. e4 c6 2. d4 d5 3. Nc3 dxe4 4. Nxe4 Bf5 5. Ng3 Bg6 6. h4 h6 7. Nf3 Nd7 8. h5
Bh7 9. Bd3 Bxd3 10. Qxd3 e6 11. Bf4 Qa5+ 12. Bd2 Bb4 13. c3 Be7 14. c4 Qc7 15.
O-O-O Ngf6 16. Ne4 Rd8 17. Bc3 Qf4+ 18. Ned2 b5 19. cxb5 cxb5 20. g3 Qb8 21. Nb3
O-O 22. Qe2 Nd5 23. Bd2 b4 24. Kb1 a5 25. Nxa5 Qc7 26. Nb3 Ra8 27. Ne5 Nxe5 28.
dxe5 Qa7 29. Nc1 Rfc8 30. Be3 Nxe3 31. fxe3 Bg5 32. b3 Bxe3 33. Nd3 Qd4 34. Rh4
Qc3 35. Nxb4 Qxe5 36. Nc2 Qf5 37. Rf1 Rxc2 38. Qxe3 Rf2+ {White resigns} 0-1

[Event "Team 45 45 League T40"]
[Site "Internet Chess Club"]
[Date "2009.02.22"]
[Round "4"]
[White "chiiwen"]
[Black "trophyking"]
[Result "1/2-1/2"]
[WhiteElo "2097"]
[BlackElo "2259"]
[Opening "Ruy Lopez: open Berlin defense, l'Hermet variation"]
[ECO "C67"]
[Time "11:00:11"]
[TimeControl "2700+45"]

1. e4 e5 2. Nf3 Nc6 3. Bb5 Nf6 4. O-O Nxe4 5. d4 Nd6 6. dxe5 Nxb5 7. a4 Nbd4 8.
Nxd4 Nxd4 9. Qxd4 d5 10. exd6 Qxd6 11. Qe4+ Qe6 12. Qxe6+ Bxe6 13. Bf4 O-O-O 14.
Nc3 Bd6 15. Bxd6 Rxd6 16. Nb5 Rd2 17. Rac1 a6 18. Na3 Rhd8 19. Nb1 Re2 20. Nc3
Red2 21. Nb1 R2d4 22. Nc3 Bf5 23. Rfe1 Kb8 24. Kf1 Rd2 {Game drawn by mutual
agreement} 1/2-1/2

[Event "Team 45 45 League T40"]
[Site "Internet Chess Club"]
[Date "2009.02.21"]
[Round "4"]
[White "alexdb"]
[Black "martineden"]
[Result "0-1"]
[WhiteElo "1954"]
[BlackElo "1959"]
[Opening "Sicilian: closed, 6.Be3"]
[ECO "B26"]
[Time "11:09:16"]
[TimeControl "2700+45"]

1. e4 g6 2. Nc3 Bg7 3. g3 c5 4. Bg2 Nc6 5. d3 d6 6. Be3 Nf6 7. h3 a6 8. Qd2 Be6
9. f4 Qa5 10. Nge2 Nd7 11. O-O Nd4 12. a3 f5 13. Kh2 Rb8 14. b4 Qc7 15. Rab1 O-O
16. e5 dxe5 17. Nd5 Bxd5 18. Bxd5+ Kh8 19. fxe5 Nxe2 20. Qxe2 Bxe5 21. Qf2 Nf6
22. Bf3 cxb4 23. Rxb4 b5 24. Kg2 Bd6 25. Rb3 e5 26. Ba7 Rbc8 27. Rc1 e4 28. Be2
Bxg3 29. Qxg3 Qxa7 30. dxe4 Nxe4 31. Qe5+ Qg7 32. Qe6 Qd4 33. Rf3 Ng5 {White
resigns} 0-1

[Event "Team 45 45 League T40"]
[Site "Internet Chess Club"]
[Date "2009.02.22"]
[Round "4"]
[White "chess9397"]
[Black "Wheels"]
[Result "0-1"]
[WhiteElo "1903"]
[BlackElo "1969"]
[Opening "Sicilian: Grand Prix attack"]
[ECO "B23"]
[Time "21:00:33"]
[TimeControl "2700+45"]

1. e4 c5 2. Nc3 Nc6 3. f4 g6 4. Nf3 Bg7 5. Bb5 Nd4 6. O-O Nxb5 7. Nxb5 d5 8.
exd5 a6 9. Nc3 Nf6 10. d4 Nxd5 11. Nxd5 Qxd5 12. dxc5 Qxc5+ 13. Kh1 O-O 14. c3
Be6 15. Nd4 Bc4 16. Rf2 Rad8 17. Be3 e5 18. fxe5 Qxe5 19. Qf3 Rfe8 20. Nc2 Rd3
21. Re1 Bd5 22. Qe2 Be4 23. Bd4 Qb5 24. Nb4 Bxg2+ 25. Rxg2 Rxe2 26. Rgxe2 Rxd4
27. cxd4 Qxb4 28. Re8+ Bf8 29. R8e4 Qxb2 30. R1e2 Qa3 31. d5 Qf3+ 32. Kg1 Bc5+
{White resigns} 0-1

[Event "Team 45 45 League T40"]
[Site "Internet Chess Club"]
[Date "2009.02.21"]
[Round "4"]
[White "Duguesclin"]
[Black "lmadueno"]
[Result "1/2-1/2"]
[WhiteElo "1632"]
[BlackElo "1608"]
[Opening "Pirc defense"]
[ECO "B07"]
[Time "14:01:39"]
[TimeControl "2700+45"]

1. d4 d6 2. e4 Nf6 3. f3 g6 4. Bc4 Bg7 5. Ne2 Nc6 6. Be3 O-O 7. O-O e5 8. dxe5
Nxe5 9. Bb3 h6 10. Nbc3 Be6 11. Qd2 Kh7 12. Nd5 Nxd5 13. Bxd5 c6 14. Bb3 Qe7 15.
c3 a5 16. Bc2 Nc4 17. Qc1 Nxe3 18. Qxe3 Bc4 19. Rfe1 f5 20. Nf4 Rae8 21. Qd2 Qg5
22. b3 Ba6 23. g3 Be5 24. exf5 Bxf4 25. Qxf4 Qxf4 26. fxg6+ Kg7 27. gxf4 Rxe1+
28. Rxe1 Rxf4 29. Kg2 a4 30. Kg3 Rf6 31. c4 d5 32. cxd5 cxd5 33. Re7+ Kg8 34.
Rd7 axb3 35. axb3 Be2 36. f4 Bh5 37. f5 Be2 38. Rxd5 Kg7 39. Rd7+ Kg8 40. Rxb7
Ba6 41. Rh7 Bc8 42. Kg4 Rxg6+ 43. Kh5 Rf6 44. Rxh6 Rf7 45. f6 Be6 46. Kg5 Rc7
47. Bd1 Rc5+ 48. Kf4 Rf5+ 49. Ke4 Rb5 50. Rg6+ Kf7 51. Rh6 Rb4+ 52. Ke5 Rb5+ 53.
Kd4 Rd5+ 54. Kc3 Rxd1 55. b4 Rd5 56. h4 Rf5 57. h5 Rf3+ 58. Kd4 Bg4 59. Ke4 Rb3
60. Ke5 Rf3 61. Rh7+ Kf8 62. h6 Rf5+ 63. Ke6 Rb5+ 64. Kd6 Rb6+ 65. Ke5 Rb5+ 66.
Kf4 Rxb4+ 67. Kg5 Be2 68. Rd7 Rb5+ 69. Kf4 Rh5 70. h7 Ke8 71. Re7+ Kf8 72. Rxe2
Rxh7 73. Kg5 Rb7 74. Kg6 Rb1 75. Rg2 Rf1 76. Rg5 Rf2 77. Ra5 Rg2+ 78. Rg5 Rxg5+
79. Kxg5 Kf7 80. Kf5 Kf8 81. Ke6 Ke8 82. f7+ Kf8 83. Kf6 {Black stalemated}
1/2-1/2

[Event "Team 45 45 League T40"]
[Site "Internet Chess Club"]
[Date "2009.02.21"]
[Round "4"]
[White "Juan73"]
[Black "KAKTUS"]
[Result "1-0"]
[WhiteElo "1644"]
[BlackElo "1665"]
[Opening "French defense"]
[ECO "C01"]
[Time "13:00:45"]
[TimeControl "2700+45"]

1. e4 e6 2. d4 b6 3. Nc3 Bb7 4. Bf4 Bb4 5. Qf3 Nf6 6. Bd3 d5 7. e5 Ne4 8. Ne2 c5
9. dxc5 Nxc3 10. Nxc3 Bxc3+ 11. bxc3 bxc5 12. Qg3 g6 13. Bg5 Qb6 14. Qh4 Nd7 15.
Bf6 Nxf6 16. Qxf6 O-O 17. h4 c4 18. h5 cxd3 19. h6 {Black resigns} 1-0

[Event "Team 45 45 League T40"]
[Site "Internet Chess Club"]
[Date "2009.02.21"]
[Round "4"]
[White "joshtournman"]
[Black "isolani"]
[Result "0-1"]
[WhiteElo "1502"]
[BlackElo "1668"]
[Opening "Van't Kruijs opening"]
[ECO "A00"]
[Time "14:02:31"]
[TimeControl "2700+45"]

1. e3 d6 2. d4 Nf6 3. Nc3 c6 4. Bd3 Nbd7 5. Nf3 e5 6. dxe5 dxe5 7. e4 Be7 8. O-O
O-O 9. a3 Qc7 10. Bg5 Nc5 11. b4 Ne6 12. Be3 Ng4 13. Re1 Nxe3 14. Rxe3 Nf4 15.
Qf1 Be6 16. Rd1 a5 17. Rb1 axb4 18. axb4 Rfd8 19. Bc4 b5 20. Bxe6 Nxe6 21. Ne2
Nd4 22. Nexd4 exd4 23. Rd3 c5 24. bxc5 Qxc5 25. Qd1 b4 26. Rxd4 Rxd4 27. Qxd4
Qxc2 28. Ra1 Rd8 29. Qa7 Bc5 30. Qa2 Rd1+ 31. Ne1 Rxe1+ {White resigns} 0-1

[Event "Team 45 45 League T40"]
[Site "Internet Chess Club"]
[Date "2009.02.22"]
[Round "4"]
[White "PANAMA-REY"]
[Black "trustnicky"]
[Result "0-1"]
[WhiteElo "1544"]
[BlackElo "1410"]
[Opening "Vienna game"]
[ECO "C28"]
[Time "10:00:12"]
[TimeControl "2700+45"]

1. e4 e5 2. Bc4 Nf6 3. Nc3 Nc6 4. a3 Be7 5. d3 d6 6. h3 Na5 7. Ba2 O-O 8. Nf3 c5
9. O-O a6 10. Nh2 b5 11. Nd5 Bb7 12. Nxe7+ Qxe7 13. Bg5 c4 14. b4 cxb3 15. cxb3
Nc6 16. Ng4 Nb8 17. Qf3 Nbd7 18. Nxf6+ Nxf6 19. Qe3 Rac8 20. f4 Rfd8 21. fxe5
dxe5 22. Bxf6 gxf6 23. b4 Rd6 24. Rf5 Kh8 25. Re1 Rg8 26. Qc5 Qd8 27. Bxf7 Rg7
28. Ba2 Rxd3 29. Ref1 Rd2 30. Rxf6 Rgxg2+ 31. Kh1 Rh2+ 32. Kg1 Rdg2# {White
checkmated} 0-1

[Event "Team 45 45 League T40"]
[Site "Internet Chess Club"]
[Date "2009.02.22"]
[Round "4"]
[White "SugarIslander"]
[Black "bmw2002"]
[Result "1-0"]
[WhiteElo "1693"]
[BlackElo "1634"]
[Opening "Caro-Kann: two knights variation"]
[ECO "B10"]
[Time "18:10:40"]
[TimeControl "2700+45"]

1. e4 c6 2. Nf3 d5 3. Nc3 dxe4 4. Nxe4 Bg4 5. h3 Bh5 6. Bc4 e6 7. d3 Nd7 8. Bf4
Ngf6 9. O-O Be7 10. Qe2 O-O 11. g4 Bg6 12. Ne5 Nxe5 13. Bxe5 Nxe4 14. dxe4 Qa5
15. Bc3 Qg5 16. Rad1 h5 17. f4 Qh4 18. Kg2 hxg4 19. hxg4 Bc5 20. Rd3 Qh7 21. f5
exf5 22. Rh3 fxg4 23. Rxh7 Rae8 24. Rxg7+ Kh8 25. Rh1+ {Black resigns} 1-0

[Event "Team 45 45 League T40"]
[Site "Internet Chess Club"]
[Date "2009.02.21"]
[Round "4"]
[White "oldsj"]
[Black "zepled37"]
[Result "0-1"]
[WhiteElo "1594"]
[BlackElo "1598"]
[Opening "Sicilian: Scheveningen, Keres attack"]
[ECO "B81"]
[Time "09:05:36"]
[TimeControl "2700+45"]

1. e4 c5 2. Nf3 e6 3. d4 cxd4 4. Nxd4 Nf6 5. Nc3 d6 6. g4 h6 7. Be3 a6 8. Qd2
Nxg4 9. O-O-O Nc6 10. Rg1 Nxe3 11. Qxe3 Qc7 12. Bh3 Bd7 13. f4 O-O-O 14. a3 Rg8
15. Rd3 Be7 16. Rgd1 Kb8 17. Na2 Nxd4 18. Qxd4 Rc8 19. Nb4 Qc5 20. Qxc5 Rxc5 21.
Rb3 Ka7 22. f5 exf5 23. exf5 Bxf5 24. Bg2 Rgc8 25. Rd2 Bg5 26. Kd1 Bxd2 27. Bxb7
Bxb4 28. Bxc8 Bxc2+ {White resigns} 0-1

[Event "Team 45 45 League T40"]
[Site "Internet Chess Club"]
[Date "2009.02.22"]
[Round "4"]
[White "AlPearson"]
[Black "Berkshires"]
[Result "0-1"]
[WhiteElo "1412"]
[BlackElo "1542"]
[Opening "English opening"]
[ECO "A10"]
[Time "14:07:48"]
[TimeControl "2700+45"]

1. c4 Nc6 2. Nc3 Nf6 3. g3 e5 4. Bg2 Bb4 5. Nf3 O-O 6. O-O Re8 7. d3 h6 8. a3
Be7 9. b4 d5 10. cxd5 Nxd5 11. Bb2 Bf6 12. Nxd5 Qxd5 13. Nd2 Qe6 14. Ne4 Be7 15.
Rc1 Bd7 16. Nc5 Bxc5 17. Rxc5 Rad8 18. b5 Nd4 19. Rxc7 Nxb5 20. Rc2 b6 21. Qd2
Nd4 22. Rc7 Nb5 23. Rc2 Nd4 24. Rc7 a6 25. f4 b5 26. fxe5 Qxe5 27. Rf2 Qxc7 28.
Bxd4 Be6 29. Be3 Qd7 30. Bf3 Bg4 31. Bg2 Qe7 32. h3 Qxe3 33. Qxe3 Rxe3 34. hxg4
Rxg3 35. Kh2 Rxg4 36. Bb7 Rd6 37. e4 Rxd3 38. Bd5 Kh7 39. Rxf7 Rgg3 40. Rf1 Rxa3
41. Re1 Rge3 42. Rc1 Re2+ 43. Kg1 Rf3 44. Bb7 Rfe3 45. Rc5 Re1+ 46. Kf2 R1e2+
47. Kf1 Rh2 48. Bxa6 Ra3 49. Kg1 Rb2 50. Rc1 Rxa6 51. Re1 Re6 52. e5 Rd2 53. Kf1
b4 54. Kg1 b3 55. Kf1 b2 56. Kg1 Rc2 57. Kf1 Rc1 58. Kf2 {White resigns} 0-1

[Event "Team 45 45 League T40"]
[Site "Internet Chess Club"]
[Date "2009.02.23"]
[Round "4"]
[White "AMAV"]
[Black "adh2050"]
[Result "1-0"]
[WhiteElo "2106"]
[BlackElo "2091"]
[Opening "King's Indian: East Indian defense"]
[ECO "A48"]
[Time "22:11:51"]
[TimeControl "2700+45"]

1. d4 Nf6 2. Nf3 g6 3. e3 Bg7 4. Be2 c5 5. O-O b6 6. b3 cxd4 7. Nxd4 Bb7 8. Bb2
O-O 9. Bf3 Bxf3 10. Qxf3 d5 11. c4 e5 12. Nc2 e4 13. Qe2 dxc4 14. Qxc4 Nbd7 15.
Nc3 Rc8 16. Qe2 Qc7 17. Nd4 Ne5 18. Ncb5 Qb8 19. Rac1 Nfg4 20. f4 exf3 21. gxf3
Nf6 22. f4 Neg4 23. h3 Nh6 24. Nc6 Rxc6 25. Rxc6 Ne4 26. Bxg7 Kxg7 27. Qc4 Ng3
28. Rf3 Ngf5 29. e4 Nh4 30. Rf2 Rd8 31. Qc3+ Kg8 32. Qf6 N6f5 33. exf5 Nxf5 34.
Nxa7 Re8 35. Nb5 Re1+ 36. Kh2 Re2 37. Rxe2 Qxf4+ 38. Kg1 Qg3+ 39. Kf1 Qxh3+ 40.
Ke1 Ng7 41. Qd8+ {Black resigns} 1-0

[Event "Team 45 45 League T40"]
[Site "Internet Chess Club"]
[Date "2009.02.21"]
[Round "4"]
[White "ConfusedDog589"]
[Black "playwaycool"]
[Result "1-0"]
[WhiteElo "1939"]
[BlackElo "2080"]
[Opening "QGD Slav: 3.Nf3"]
[ECO "D11"]
[Time "21:17:12"]
[TimeControl "2700+45"]

1. d4 d5 2. c4 c6 3. Nf3 Nf6 4. Qc2 e6 5. g3 Nbd7 6. Bg2 Bd6 7. O-O O-O 8. Nbd2
Re8 9. e4 dxe4 10. Nxe4 Be7 11. Rd1 Nxe4 12. Qxe4 Bf6 13. Bf4 Qb6 14. Rab1 Qa6
15. Bf1 Qxa2 16. b4 Qa6 17. c5 b5 18. Ne5 Nxe5 19. Bxe5 Be7 20. Bd3 g6 21. Qe3
f6 22. Bxg6 hxg6 23. Qh6 fxe5 24. Qxg6+ Kf8 25. dxe5 Rd8 26. Rb3 Rxd1+ 27. Kg2
Bf6 28. Qxf6+ Ke8 29. Rf3 Rd7 30. Qf8# {Black checkmated} 1-0

[Event "Team 45 45 League T40"]
[Site "Internet Chess Club"]
[Date "2009.02.22"]
[Round "4"]
[White "Gregorio"]
[Black "Ben622"]
[Result "0-1"]
[WhiteElo "2122"]
[BlackElo "2135"]
[Opening "Alekhine's defense: modern, Larsen variation"]
[ECO "B04"]
[Time "21:01:00"]
[TimeControl "2700+45"]

1. e4 Nf6 2. e5 Nd5 3. d4 d6 4. Nf3 dxe5 5. Nxe5 g6 6. Bc4 c6 7. Qf3 Be6 8. O-O
Bg7 9. Re1 O-O 10. Nc3 Nc7 11. Qd3 Bf5 12. Qd1 Nd7 13. Nxd7 Qxd7 14. Ne2 e5 15.
c3 exd4 16. Nxd4 Bxd4 17. cxd4 Be6 18. Be2 Rad8 19. Bh6 Rfe8 20. Bg5 Rc8 21. h4
Bd5 22. Bf6 Re6 23. Be5 f6 24. Bg3 Rce8 25. Qd2 Qe7 26. Bxc7 Rxe2 27. Rxe2 Qxe2
28. Qc3 Qe4 29. Qg3 Qxd4 30. Rb1 Re4 31. Qd6 Bxa2 32. Qxd4 Rxd4 33. Ra1 Ra4 34.
Rd1 Bd5 35. Bg3 Rb4 36. Rd2 a5 37. Bc7 a4 38. g3 a3 {White resigns} 0-1

[Event "Team 45 45 League T40"]
[Site "Internet Chess Club"]
[Date "2009.02.21"]
[Round "4"]
[White "BRAINWAVE"]
[Black "kabindra"]
[Result "0-1"]
[WhiteElo "1780"]
[BlackElo "1833"]
[Opening "Ruy Lopez: exchange variation, 5.O-O"]
[ECO "C68"]
[Time "12:44:22"]
[TimeControl "2700+45"]

1. e4 e5 2. Nf3 Nc6 3. Bb5 a6 4. Bxc6 dxc6 5. O-O Bg4 6. h3 Qf6 7. hxg4 g5 8. d3
h5 9. Bxg5 Qg6 10. Bh4 hxg4 11. Nxe5 Qh5 12. Nxg4 Qxh4 13. f3 O-O-O 14. c3 Nf6
15. Nxf6 Rxd3 16. Qxd3 Bc5+ 17. Qd4 Bxd4+ 18. cxd4 Qxf6 19. Rd1 Rd8 20. Nc3 Rxd4
21. Kf2 b5 22. Rxd4 Qxd4+ 23. Ke2 b4 24. Nd1 Qc4+ 25. Kd2 Qf1 26. Ke3 Qxg2 27.
Nf2 Qg5+ 28. Ke2 a5 29. Rd1 Qb5+ 30. Ke3 Qc5+ 31. Ke2 Qc4+ 32. Nd3 Qxa2 33. Rh1
Qc4 34. Rh5 Qc2+ 35. Ke3 a4 36. Rc5 Qb3 37. Kd4 a3 38. bxa3 bxa3 39. Rc3 Qb6+
40. Kc4 Qb5+ 41. Kd4 a2 42. Ra3 c5+ 43. Kc3 c4 44. Rxa2 cxd3 45. Rd2 c5 46. Rxd3
Qb4+ 47. Kc2 Qa4+ 48. Kc3 c4 49. Rd5 Qb3+ 50. Kd4 Qd3+ 51. Ke5 Qxd5+ 52. exd5 c3
53. Kf6 Kd7 54. Kxf7 c2 55. f4 c1=Q 56. f5 Qd2 57. f6 Qxd5+ 58. Kg7 Qg5+ 59. Kf7
Kd8 60. Ke6 Ke8 61. f7+ Kf8 {White resigns} 0-1

[Event "Team 45 45 League T40"]
[Site "Internet Chess Club"]
[Date "2009.02.19"]
[Round "4"]
[White "zachi"]
[Black "f5"]
[Result "1/2-1/2"]
[WhiteElo "1994"]
[BlackElo "2179"]
[Opening "Sicilian: closed, 6.f4"]
[ECO "B25"]
[Time "23:04:14"]
[TimeControl "2700+45"]

1. e4 c5 2. Nc3 Nc6 3. g3 g6 4. Bg2 Bg7 5. d3 d6 6. f4 e6 7. Nf3 Nge7 8. O-O O-O
9. Be3 Nd4 10. e5 Bd7 11. Ne4 Nef5 12. Bf2 Bc6 13. Nxd4 cxd4 14. g4 dxe5 15.
fxe5 Ne3 16. Bxe3 dxe3 17. Nf6+ Kh8 18. Bxc6 bxc6 19. c3 Bxf6 20. Rxf6 Qd5 21.
Qf3 Qxd3 22. Rxf7 Rxf7 23. Qxf7 Qd5 24. Qf6+ Kg8 25. Rf1 Qd7 26. Rf3 e2 27. Kf2
Rd8 28. Kxe2 Qd2+ 29. Kf1 Qd1+ 30. Kg2 Qd2+ 31. Kh3 Qd7 32. Kg3 a5 33. h4 Re8
34. h5 gxh5 35. gxh5 Qg7+ 36. Kf2 Qxf6 37. Rxf6 a4 38. b4 axb3 39. axb3 Rb8 40.
b4 Rb5 41. Rxe6 c5 42. bxc5 Rxc5 43. Ke3 Rxc3+ 44. Kd4 Rh3 45. Rf6 Rh4+ 46. Kd5
Rxh5 47. Kd6 Kg7 48. Rf4 Rh1 49. e6 Rd1+ 50. Kc7 Rc1+ 51. Kd8 Rd1+ 52. Ke8 h5
53. e7 Re1 54. Rf7+ Kg6 55. Kf8 h4 56. e8=Q Rxe8+ 57. Kxe8 Kg5 58. Ke7 h3 59.
Ke6 Kg4 60. Ke5 h2 61. Rh7 Kg3 62. Rxh2 Kxh2 {Game drawn because neither player
has mating material} 1/2-1/2

[Event "Team 45 45 League T40"]
[Site "Internet Chess Club"]
[Date "2009.02.22"]
[Round "4"]
[White "chsrules88"]
[Black "Flying-Tiger"]
[Result "1-0"]
[WhiteElo "2012"]
[BlackElo "1930"]
[Opening "Sicilian: accelerated fianchetto, modern variation"]
[ECO "B34"]
[Time "19:06:20"]
[TimeControl "2700+45"]

1. e4 c5 2. Nf3 g6 3. d4 cxd4 4. Nxd4 Nc6 5. Nc3 Bg7 6. Be3 Nf6 7. Be2 O-O 8.
O-O d5 9. exd5 Nxd5 10. Nxd5 Qxd5 11. Bf3 Qc4 12. c3 Nxd4 13. cxd4 Bf5 14. b3
Qb5 15. Rc1 Rac8 16. Re1 Rfd8 17. d5 Qa5 18. Qe2 e5 19. dxe6 Bxe6 20. Bxb7 Rxc1
21. Rxc1 Qe5 22. Qa6 Qb2 23. h3 Bd4 24. Rd1 Kg7 25. Rd2 Qc1+ 26. Qf1 Qc5 27.
Rxd4 Rxd4 28. Qa1 Qe7 29. Qxd4+ Kg8 30. Bd5 Bxd5 31. Qxd5 Qa3 32. Bh6 Qe7 {Black
resigns} 1-0

[Event "Team 45 45 League T40"]
[Site "Internet Chess Club"]
[Date "2009.02.27"]
[Round "4"]
[White "mfeatherston"]
[Black "PaulKaspar"]
[Result "0-1"]
[WhiteElo "1902"]
[BlackElo "1855"]
[Opening "Caro-Kann: exchange, Rubinstein variation"]
[ECO "B13"]
[Time "15:04:35"]
[TimeControl "2700+45"]

1. e4 c6 2. d4 d5 3. exd5 cxd5 4. Bd3 Nc6 5. c3 Nf6 6. Bf4 Bg4 7. Qb3 Na5 8.
Qa4+ Bd7 9. Qc2 e6 10. Nf3 Be7 11. Nbd2 Rc8 12. O-O Nc6 13. Qb1 a6 14. Ne5 Nxe5
15. Bxe5 h6 16. Qd1 Qb6 17. Rb1 O-O 18. Qe2 Bb5 19. Bxb5 Qxb5 20. Qxb5 axb5 21.
h3 b4 22. Rfc1 Nd7 23. c4 Nxe5 24. dxe5 Bg5 25. Rc2 Bxd2 26. Rxd2 Rxc4 27. f3
Rfc8 28. Kf2 Rc2 29. Ke3 Rxd2 30. Kxd2 Kf8 31. Re1 Ke8 32. Re3 Kd7 33. Rb3 Rc4
34. Kd3 Kc6 35. g3 Kc5 36. a3 b5 37. axb4+ Rxb4 38. Rc3+ Kb6 39. Kc2 Rc4 40. b3
Rxc3+ 41. Kxc3 f6 42. f4 fxe5 43. fxe5 Ka5 44. h4 h5 45. Kb2 Kb4 46. Kc2 Ka3 47.
Kc3 b4+ 48. Kc2 Ka2 {White resigns} 0-1